 Dungeon Crawl Stone Soup version 0.18-a0-1071-g9f02aef (webtiles) character file.

118 Kramin the Conjurer (level 5, -2/28 HPs)
             Began as a Tengu Conjurer on Jan 11, 2016.
             Slain by Grinder (3 damage)
             ... while paralysed by Grinder
             ... on level 3 of the Dungeon on Jan 14, 2016.
             The game lasted 00:10:08 (2764 turns).

Kramin the Conjurer (Tengu Conjurer)                Turns: 2764, Time: 00:10:08

Health: -2/28      AC:  6    Str:  8    XL:     5   Next: 2%
Magic:  4/10       EV:  2    Int: 20    God:
Gold:   206        SH:  0    Dex: 14    Spells: 1 memorised, 9 levels left

rFire  . . .     SeeInvis .     g - +1 dagger (drain)
rCold  . . .     Gourm    .     e - +0 ring mail
rNeg   . . .     Faith    .     (no shield)
rPois  .         Spirit   .     (helmet restricted)
rElec  .         Dismiss  .     (no cloak)
rCorr  .         Reflect  +     (no gloves)
SustAt .         Harm     .     (boots unavailable)
MR     .....     Clarity  +     l - +5 amulet of reflection
Stlth  +.........               (no ring)
                                j - +3 ring of intelligence

@: paralysed, very slightly contaminated, not resistant to hostile enchantments,
very unstealthy
A: beak, talons 3, clarity, shaggy fur 1, able to fly 1
a: Fly


You were on level 3 of the Dungeon.
You were not hungry.

You visited 1 branch of the dungeon, and saw 3 of its levels.

You collected 206 gold pieces.

Inventory:

Hand Weapons
 g - a +1 dagger of draining (weapon)
Armour
 a - a +0 robe
 e - a +0 ring mail (worn)
Jewellery
 j - a +3 ring of intelligence (left hand)
 l - a +5 amulet of reflection (around neck)
Scrolls
 d - 2 scrolls of teleportation {unknown}
 m - 2 scrolls of fear {unknown}
 o - a scroll of amnesia {unknown}
Potions
 i - a potion of heal wounds
Books
 b - a book of Conjurations

   Spells                             Type                      Level
   a - Magic Dart                     Conjuration                  1
   b - Searing Ray                    Conjuration                  2
   c - Dazzling Spray                 Conjuration/Hexes            3
   d - Fulminant Prism                Conjuration/Hexes            4
   e - Iskenderun's Mystic Blast      Conjuration                  4
   f - Iskenderun's Battlesphere      Conjuration/Charms           5
Comestibles
 c - 2 bread rations
 h - a meat ration
 k - 5 chunks of flesh


   Skills:
 + Level 3.5 Dodging
 - Level 2.0 Stealth
 + Level 3.1 Spellcasting
 + Level 6.3 Conjurations


You had 9 spell levels left.
You knew the following spells:

 Your Spells              Type           Power        Failure   Level  Hunger
c - Magic Dart            Conj           ####         3%          1    None


Dungeon Overview and Level Annotations

Branches:
Dungeon (3/15)

Altars:

Annotations:
D:3 Grinder


Innate Abilities, Weirdness & Mutations

You have a beak for a mouth.
You have claws for feet.
You can fly.
You possess an exceptional clarity of mind.
You are covered in fur (AC +1).


Message History

Grinder zaps a wand.
You resist with some effort.
Casting: Magic Dart
Confirm with . or Enter, or press ? or * to list all spells.
Aiming: Magic Dart
Press: ? - help, Shift-Dir - straight line, f/p - Grinder
Aim: Grinder, carrying a wand of enslavement {zapped: 10} (moderately wounded)
The magic dart hits Grinder.
Grinder is heavily wounded.
Grinder says, "Mostly I couldn't keep them alive."
Grinder gestures at you.
You suddenly lose the ability to move!
Grinder zaps a wand.
Nothing appears to happen.
Grinder hits you.
* * * LOW HITPOINT WARNING * * *
You writhe in agony.
* * * LOW HITPOINT WARNING * * *
Grinder hits you.
You die...

#..# #.# ###..####
#.# <......# #.##
.#####..##.# #..#
........##.#### ##.#
##........#### #.#
#............. #.#
#.####5##.#####. #.#
######.# #@# .#
#.##.# ######......#
#.# # #.##.#
#.......##### #.#
#.##.# #.......# #.#
#.##.#### #.......##
#.# #.##.....
#...#....# ..#
##.######. #........#
..# #.........
#........#### ...
#..#######
#...........[.......#
#..#


You could see Grinder.

Vanquished Creatures
  3 adders (D:2)
  A gnoll (D:1)
  An ooze (D:1)
  A worm (D:2)
  3 giant geckos
  5 orcs (D:3)
  5 giant cockroaches
  4 goblins
  8 hobgoblins
  5 jackals
  A quokka (D:2)
  A ball python (D:2)
  6 bats
  5 giant newts
  9 kobolds
  3 rats (D:2)
61 creatures vanquished.

Vanquished Creatures (others)
  A goblin (D:2)
1 creature vanquished.

Grand Total: 62 creatures vanquished

Notes
Turn   | Place    | Note
--------------------------------------------------------------
     0 | D:1      | Kramin the Tengu Conjurer began the quest for the Orb.
     0 | D:1      | Reached XP level 1. HP: 10/10 MP: 4/4
   196 | D:1      | Reached XP level 2. HP: 6/15 MP: 0/6
   736 | D:1      | Reached XP level 3. HP: 19/19 MP: 0/7
   948 | D:1      | Upgraded the game from 0.18-a0-1044-g2bb894f to 0.18-a0-1071-g9f02aef
  1439 | D:2      | Reached skill level 6 in Conjurations
  1561 | D:2      | Reached XP level 4. HP: 24/24 MP: 5/9
  1978 | D:2      | Found a faded altar to an unknown god.
  2683 | D:3      | Gained mutation: You can fly. [Tengu growth]
  2683 | D:3      | Reached XP level 5. HP: 28/28 MP: 7/10
  2740 | D:3      | Noticed Grinder
  2749 | D:3      | Gained mutation: You are covered in fur (AC +1). [potion of mutation]
  2749 | D:3      | Gained mutation: You possess an exceptional clarity of mind. [potion of mutation]
  2760 | D:3      | Paralysed by Grinder for 7 turns
  2763 | D:3      | HP: 1/28 [Grinder (4)]
  2764 | D:3      | Slain by Grinder

Vault maps used:
D:1:      nagdon_arrival_zigzag_paths, minmay_hedge_maze
D:2:      ecumenical_altar_1, kennysheep_generic_room_3
D:3:      uniq_grinder, uniq_jessica

Action                   |  1- 3 |  4- 6 || total
-------------------------+-------+-------++-------
Melee: Spear             |    12 |    12 ||    24
       Dagger            |       |    27 ||    27
 Cast: Magic Dart        |    80 |    38 ||   118
  Use: Scroll            |       |     4 ||     4
       Potion            |       |     2 ||     2
 Stab: Sleeping          |       |     1 ||     1
  Eat: Chunk             |     3 |     3 ||     6
